 Dungeon Crawl Stone Soup version 0.28.0-53-g5a82cb258f (webtiles) character file.

Game seed: 6195103470255651078

2 Sin92 the Sneak (level 1, 0/27 HPs)
             Began as a Demonspawn Delver on July 12, 2022.
             Slain by Sigmund
             ... wielding a +2 scythe of flaming
              (11 damage)
             ... on level 3 of the Dungeon.
             The game lasted 00:01:15 (132 turns).

Sin92 the Sneak (Demonspawn Delver)                  Turns: 132, Time: 00:01:16

Health: 0/27       AC: 20    Str: 12    XL:     1   Next: 33%
Magic:  1/1        EV:  2    Int: 11    God:
Gold:   0          SH:  0    Dex: 14    Spells: 0/0 levels left

rFire   . . .      SeeInvis .   a - +0 hand axe
rCold   . . .      Faith    .   (no shield)
rNeg    . . .      Spirit   .   (armour currently unavailable)
rPois   +          Reflect  .   (helmet currently unavailable)
rElec   .          Harm     .   (cloak currently unavailable)
rCorr   .          Rampage  .   (gloves currently unavailable)
Will    .....      NoTele   +   (boots currently unavailable)
Stlth   +++.......              (no amulet)
HPRegen 0.09/turn               (no ring)
MPRegen 0.07/turn               (no ring)

@: tree-form (expiring)
A: stationary, stasis, torment immunity, boosted hp
a: no special abilities


You were on level 3 of the Dungeon.
You were a tree.
You visited 1 branch of the dungeon, and saw 3 of its levels.

Inventory:

Hand Weapons
 a - a +0 hand axe (weapon)
Armour
 b - a +0 leather armour (melded)
Wands
 g - a wand of digging (3)
Scrolls
 c - a scroll of fog
 d - a scroll of magic mapping
Potions
 e - a potion of lignification
 f - a potion of haste


   Skills:
 + Level 3.0 Fighting
 + Level 1.8 Axes
 + Level 1.8 Dodging
 + Level 4.5 Stealth


You couldn't memorise any spells.
You didn't know any spells.
Your spell library was empty.

Dungeon Overview and Level Annotations

Branches:
Dungeon (5/15)
 Temple: D:4-7

Altars:

Annotations:
D:3 Sigmund


Message History

The quokka bites you but does no damage.
Sigmund hits you but does no damage.
The quokka bites you but does no damage.
You barely miss the quokka.
The quokka bites you but does no damage.
Sigmund hits you but does no damage.
You miss the quokka.
The quokka bites you but does no damage.
Sigmund hits you but does no damage. The quokka bites you.
You barely miss the quokka.
The quokka bites you but does no damage.
Sigmund hits you from afar with a +2 scythe of flaming.
Sigmund burns you.
You hit the quokka but do no damage.
The quokka bites you but does no damage. x2
You hit the quokka.
The quokka is severely wounded.
Your transformation is almost over.
Sigmund hits you from afar with a +2 scythe of flaming.
Sigmund burns you. The quokka barely misses you.
You closely miss the quokka.
The quokka is severely wounded.
The quokka bites you. Sigmund hits you but does no damage.
The quokka bites you but does no damage.
You hit the quokka.
The quokka is almost dead.
The quokka twitches its whiskers.
The quokka bites you. Sigmund casts a spell at you.
The magic dart hits you but does no damage.
You closely miss the quokka.
The quokka is almost dead.
The quokka bites you but does no damage.
Sigmund gestures at you while chanting.
The magic dart hits you but does no damage.
The quokka bites you but does no damage.
You hit the quokka but do no damage.
The quokka is almost dead.
Sigmund hits you from afar with a +2 scythe of flaming!
You die...

.# . .
##. ..#
#.#
###.##.#
#....r♣#
#.....†#
#......@#
#......##
#......
#.##.## #
.. ..#


You could see Sigmund and a quokka.

Vanquished Creatures
  A goblin (D:4)
  A kobold (D:4)
  A rat (D:3)
3 creatures vanquished.

Notes
Turn   | Place    | Note
-------+----------+-------------------------------------------
     0 | D:5      | Sin92 the Demonspawn Delver began the quest for the Orb.
     0 | D:5      | Reached XP level 1. HP: 18/18 MP: 1/1
    17 | D:4      | Noticed a gnoll shaman
   110 | D:3      | Noticed Sigmund
   132 | D:3      | Slain by Sigmund

Illustrated notes

Levels and vault maps discovered:
D:3:      minmay_door_path, layout_loops_ring, biasface_ghost_orc_armoury,
          uniq_sigmund
D:4:      layout_layer_cave, ebering_ghost_inner_flame, uniq_ijyb, uniq_duvessa
D:5:      layout_loops_ring

Action                   || total
-------------------------++-------
Melee: Hand axe          ||    16
  Use: Scroll            ||     1
       Potion            ||     1
Armor: Skin              ||    25
       Leather armour    ||     3
Dodge: Dodged            ||     8
